 Dungeon Crawl Stone Soup version 0.26.1-13-g052cdd8df3 (webtiles) character file.

Game seed: 7742436815081537852

819 BeavisTheGrey the Ducker (level 7, -2/68 HPs)
             Began as a Troll Monk on Feb 14, 2022.
             Was an Initiate of Yredelemnul.
             Slain by an unseen horror (3 damage)
             ... summoned by the darkness of Dithmenos
             ... on level 6 of the Dungeon.
             The game lasted 00:33:42 (5160 turns).

BeavisTheGrey the Ducker (Troll Monk)               Turns: 5160, Time: 00:33:43

Health: -2/68      AC:  6    Str: 22    XL:     7   Next: 63%
Magic:  6/6        EV: 12    Int:  6    God:    Yredelemnul [......]
Gold:   237        SH:  0    Dex: 12    Spells: 6/6 levels left

rFire    . . .     SeeInvis .   f - +1 dagger (drain)
rCold    . . .     Faith    .   (no shield)
rNeg     . . .     Spirit   .   a - +0 robe
rPois    .         Reflect  .   (helmet restricted)
rElec    .         Harm     .   (no cloak)
rCorr    .         Rampage  .   (gloves unavailable)
Will     .....                  (boots unavailable)
Stlth    ++........             (no amulet)
HPRegen  0.61/turn              (no ring)
MPRegen  0.10/turn              (no ring)

@: lethally poisoned (-2 -> -2), hasted, very quick
A: large, unfitting armour, claws 3, regeneration 1, shaggy fur 1, tough skin 3
a: Renounce Religion


You were on level 6 of the Dungeon.
You worshipped Yredelemnul.
Yredelemnul was noncommittal.
You visited 2 branches of the dungeon, and saw 7 of its levels.

You collected 237 gold pieces.

Inventory:

Hand Weapons
 f - a +1 dagger of draining (weapon)
Missiles
 p - 13 poisoned darts (quivered)
Armour
 a - a +0 robe (worn)
Jewellery
 b - an uncursed amulet of guardian spirit {unknown}
Wands
 k - a wand of digging (6)
 l - a wand of flame (15)
Scrolls
 c - a scroll of immolation
 e - a scroll of enchant armour {unknown}
 h - 3 scrolls of identify
 r - a scroll of amnesia {unknown}
 s - 2 scrolls of teleportation
 u - a scroll of magic mapping {unknown}
Potions
 d - 2 potions of brilliance
 g - a potion of degeneration {unknown}
 i - a potion of flight {unknown}
 j - 2 potions of haste
 m - a potion of magic {unknown}
 n - a potion of attraction {unknown}
 o - a potion of curing {unknown}
 q - a potion of invisibility {unknown}
 t - a potion of might {unknown}
 v - a potion of heal wounds {unknown}


   Skills:
 + Level 3.9 Fighting
 + Level 3.5 Short Blades
 + Level 5.0 Dodging
 + Level 2.1 Stealth
 + Level 3.2 Unarmed Combat


You had 6 spell levels left.
You didn't know any spells.
Your spell library was empty.

Dungeon Overview and Level Annotations

Branches:
Dungeon (6/15)             Temple (1/1) D:4

Altars:
Ashenzari
Cheibriados
Dithmenos
Elyvilon
Fedhas
Gozag
Hepliaklqana
Kikubaaqudgha
Makhleb
Nemelex Xobeh
Okawaru
Qazlal
Sif Muna
Trog
Uskayaw
Vehumet
Wu Jian
Xom
Yredelemnul
Zin
The Shining One


Innate Abilities, Weirdness & Mutations

You are too large for most types of armour.
You have claws for hands.
Your natural rate of healing is unusually fast.
You are covered in fur. (AC +1)
You have extremely tough skin. (AC +3)


Message History

The orc wizard flickers and vanishes!
The worker ant bites you but does no damage.
You feel sick. Something hits you. Something hits you. Something hits you!
You feel sick. Something hits you.
The orc wizard gestures wildly while chanting.
The orc wizard blinks!
Something hits you. Something hits you!
* * * LOW HITPOINT WARNING * * *
You feel sick. Something hits you.
* * * LOW HITPOINT WARNING * * *
It was a potion of haste.
You feel yourself speed up. Something hits you but does no damage.
Something hits you.
* * * LOW HITPOINT WARNING * * *
You feel sick. Something hits you.
* * * LOW HITPOINT WARNING * * *
Something hits you.
You die...
Your body rises from the dead as a mindless zombie.

#.# #o#
#ยง# #.#
#.#
#o#######
#..B....#
######.##
..#@#
#.#.#
#.#.#
#.#.#
#.#.# #
#.#.#
#.##.#.#
#......#
####.###


There were no monsters in sight!

Vanquished Creatures
  Menkaure (D:4)
  2 ogres (D:5)
  A scorpion (D:5)
  2 bullfrog zombies (D:5)
  2 orc priests (D:4)
  A hound (D:3)
  An iguana (D:4)
  2 orc wizards (D:4)
  Natasha (thrice) (D:4)
  A worker ant (D:5)
  5 adders
  A howler monkey skeleton (D:5)
  2 ufetubi (D:5)
  An adder skeleton (D:5)
  3 dart slugs
  3 leopard geckos
  5 orcs
  2 ball pythons
  2 giant cockroaches
  3 goblins
  7 hobgoblins
  A quokka (D:1)
  8 bats
  A frilled lizard (D:1)
  4 kobolds
  6 rats
70 creatures vanquished.

Notes
Turn   | Place    | Note
-------+----------+-------------------------------------------
     0 | D:1      | BeavisTheGrey the Troll Monk began the quest for the Orb.
     0 | D:1      | Reached XP level 1. HP: 22/22 MP: 0/0
    93 | D:1      | Found an iron altar of Okawaru.
   410 | D:1      | Reached XP level 2. HP: 25/29 MP: 1/1
   962 | D:2      | Reached XP level 3. HP: 30/36 MP: 2/2
  1109 | D:2      | Reached skill level 1 in Short Blades
  1111 | D:2      | Found a shadowy altar of Dithmenos.
  1423 | D:2      | Reached skill level 3 in Dodging
  1758 | D:3      | Found a faded altar of an unknown god.
  1788 | D:3      | Reached XP level 4. HP: 41/44 MP: 3/3
  1947 | D:3      | Noticed Natasha
  1979 | D:4      | Killed Natasha
  2416 | D:4      | Found a blossoming altar of Fedhas.
  2467 | D:4      | Found a staircase to the Ecumenical Temple.
  2473 | D:4      | Noticed Natasha
  2482 | D:4      | Killed Natasha
  2483 | D:4      | Reached XP level 5. HP: 52/52 MP: 4/4
  2493 | Temple   | Entered the Ecumenical Temple
  2816 | Temple   | Became a worshipper of Dithmenos the Shadowed
  2816 | Temple   | Reached * piety under Dithmenos
  2816 | Temple   | Reached ** piety under Dithmenos
  2840 | D:4      | Noticed Natasha
  2863 | D:4      | Killed Natasha
  2887 | D:4      | Noticed Menkaure
  2892 | D:4      | Killed Menkaure
  2893 | D:4      | Reached skill level 4 in Dodging
  2893 | D:4      | Reached XP level 6. HP: 31/61 MP: 5/5
  3269 | D:4      | Found an iron altar of Okawaru.
  3269 | D:4      | Found a basalt altar of Yredelemnul.
  3272 | D:4      | Found a radiant altar of Vehumet.
  3280 | D:4      | Fell from the grace of Dithmenos
  3280 | D:4      | Became a worshipper of Yredelemnul the Dark
  3896 | D:5      | Entered Level 5 of the Dungeon
  3990 | D:5      | Reached XP level 7. HP: 67/67 MP: 6/6
  4119 | D:5      | Noticed a deep elf mage
  4144 | D:5      | HP: 4/100 [ice beast[the darkness of Dithmenos] (3)]
  4706 | D:5      | Reached skill level 5 in Dodging
  5160 | D:6      | HP: 1/68 [something (6)]
  5160 | D:6      | Slain by an unseen horror

Illustrated notes

Levels and vault maps discovered:
D:1:      evilmike_arrival_hilbert_curve, layout_basic,
          okawaru_ov_weapons_minmay
D:2:      layout_rooms, grunt_dithmenos_smoke_and_mirrors
D:3:      layout_rooms, chequers_ecumenical_altar_simple_redux, uniq_natasha
D:4:      cheibrodos_pilgrimage, layout_loops_ring, old_standard_altar,
          chequers_temple_overflow_statue_of_worship,
          minmay_temple_entry_mini_moons, uniq_menkaure
D:5:      minmay_opposing_rooms, layout_loops_ring
D:6:      layout_basic, serial_park_tiny_2, grunt_ministairs_12
Temple:   minmay_crystal_spiral_temple

Skill      XL: |  1  2  3  4  5  6  7 |
---------------+----------------------+-----
Short Blades   | 1 2 3 |  3.5
Dodging        | 3 4 5 |  5.0
Fighting       | 3 |  3.9
Stealth        | 2 |  2.1
Unarmed Combat | |  3.2

Action                   |  1- 3 |  4- 6 |  7- 9 || total
-------------------------+-------+-------+-------++-------
Melee: Dagger            |   184 |   154 |   116 ||   454
       Unarmed           |     1 |       |       ||     1
       Punch             |     3 |     2 |     2 ||     7
Evoke: Wand              |       |     1 |       ||     1
  Use: Scroll            |     2 |     3 |     3 ||     8
       Potion            |       |     1 |     2 ||     3
 Stab: Sleeping          |     3 |       |       ||     3
Armor: Robe              |   138 |    69 |    54 ||   261
Dodge: Dodged            |   173 |   114 |    86 ||   373
